 Dungeon Crawl Stone Soup version 0.29-a0-233-g1125b37a9b (webtiles) character file.

Game seed: 12625339265879982334

296 14MN0B0DY the Chopper (level 6, -2/55 HPs)
             Began as a Minotaur Berserker on Mar 1, 2022.
             Was a Believer of Trog.
             Frozen to death by an endoplasm (4 damage)
             ... on level 4 of the Dungeon.
             The game lasted 00:13:03 (3765 turns).

14MN0B0DY the Chopper (Minotaur Berserker)          Turns: 3765, Time: 00:13:04

Health: -2/55      AC:  8    Str: 23    XL:     6   Next: 12%
Magic:  5/5        EV: 11    Int: 10    God:    Trog [**....]
Gold:   151        SH:  0    Dex: 10    Spells: 5/5 levels left

rFire   . . .      SeeInvis +   a - +0 hand axe
rCold   . . .      Faith    .   (no shield)
rNeg    . . .      Spirit   .   m - +0 scale mail
rPois   .          Reflect  .   (helmet restricted)
rElec   .          Harm     .   (no cloak)
rCorr   .          Rampage  .   (no gloves)
Will    .....                   k - +0 pair of boots
Stlth   ..........              w - amulet of the acrobat
HPRegen 0.18/turn               i - ring of see invisible
MPRegen 0.09/turn               s - +6 ring of intelligence

@: no status effects
A: horns 2, retaliatory headbutt
a: Renounce Religion, Berserk, Trog's Hand


You were on level 4 of the Dungeon.
You worshipped Trog.
Trog was pleased with you.
You visited 1 branch of the dungeon, and saw 4 of its levels.

You collected 151 gold pieces.

Inventory:

Hand Weapons
 a - a +0 hand axe (weapon)
 r - a +2 whip of distortion
Missiles
 c - 5 large rocks
 g - 220 stones
 q - 3 silver boomerangs (quivered)
 u - 2 throwing nets
Armour
 k - a +0 pair of boots (worn)
 m - a +0 scale mail (worn)
Jewellery
 i - a ring of see invisible (left hand)
 s - a +6 ring of intelligence (right hand)
 w - an amulet of the acrobat (around neck)
Wands
 b - a wand of acid (1)
Scrolls
 h - 3 scrolls of teleportation
 l - a scroll of identify
 t - a scroll of vulnerability {unknown}
 v - a scroll of enchant weapon {unknown}
 x - a scroll of noise {unknown}
 y - a scroll of summoning {unknown}
Potions
 d - a potion of resistance {unknown}
 e - a potion of ambrosia
 f - a potion of magic {unknown}
 j - a potion of heal wounds
 n - 4 potions of curing {unknown}
 o - a potion of brilliance {unknown}
 p - a potion of cancellation {unknown}
 z - a potion of haste {unknown}
 A - a potion of invisibility {unknown}


   Skills:
 + Level 4.9 Fighting
 * Level 5.9 Axes
 + Level 4.1 Armour
 + Level 3.6 Dodging


You had 5 spell levels left.
You didn't know any spells.
Your spell library was empty.

Dungeon Overview and Level Annotations

Branches:
Dungeon (4/15)
 Temple: D:4-7

Altars:
Cheibriados
Nemelex Xobeh
Okawaru

Annotations:
D:3 3 runed translucent doors, Cancer's ghost, amateur GrEE; ParaBellum's ghost, amateur HOCA


Innate Abilities, Weirdness & Mutations

You have a pair of horns on your head.
You reflexively headbutt those who attack you in melee.


Message History

The hound is severely wounded.
The hound bites you.
* * * LOW HITPOINT WARNING * * *
The gnoll closely misses you.
The gnoll hits you from afar with a +2 spear of freezing.
* * * LOW HITPOINT WARNING * * *
The gnoll freezes you.
* * * LOW HITPOINT WARNING * * *
The gnoll hits you from afar with a +0 halberd.
* * * LOW HITPOINT WARNING * * *
The gnoll hits you but does no damage. The hound misses you.
The gnoll completely misses you. The hound closely misses you.
Found a whip, a buckler and 7 gold pieces.
The hound closely misses you.
An endoplasm comes into view.
Found 19 stones, 4 gold pieces and 3 curare-tipped darts.
Found an escape hatch in the floor.
The endoplasm quivers.
The hound completely misses you. You furiously retaliate!
You headbutt the hound.
You kill the hound!
Trog accepts your kill. The gnoll closely misses you.
The gnoll closely misses you.
Throw: 3 boomerangs (silver)
Press: ? - help, Q - select action, (/) - cycle Shift-Dir - straight line, f - gnoll
Aim: a gnoll, wielding a +0 halberd (61% to hit)
You throw a silver boomerang.
The silver boomerang barely misses the gnoll.
The gnoll hits you with a +2 spear of freezing.
* * * LOW HITPOINT WARNING * * *
The gnoll freezes you.
* * * LOW HITPOINT WARNING * * *
You hit the gnoll.
The gnoll is lightly wounded.
You hit the endoplasm but do no damage. The gnoll closely misses you.
The endoplasm freezes you.
You are frozen.
You die...

...........
...(........#$(
............#)[$
...........#####...
.................#
#...............#
#gg.............#.
##J#.g.).<..<......
#.@#gg.............
##>g#..........##.#
#..##..g.......#..
#...........#...<.
#............#.....
#..#.[.............
#......$.....#.....
#.....#.....###....
#...>.####..##....#


You could see 3 gnolls and an endoplasm.

Vanquished Creatures
  An ogre (D:4)
  A hound (D:4)
  An orc priest (D:4)
  An iguana (D:4)
  Robin (D:3)
  2 gnolls (D:1)
  4 adders
  A worm (D:3)
  A dart slug (D:3)
  2 orcs (D:4)
  3 ball pythons
  2 endoplasms
  A giant cockroach (D:1)
  13 goblins
  5 hobgoblins
  2 jackals (D:2)
  2 quokkas
  3 bats
  5 frilled lizards
  2 kobolds
  4 rats
  2 bushes (D:1)
59 creatures vanquished.

Vanquished Creatures (others)
  A plant (D:1)
  2 withered plants (D:3)
3 creatures vanquished.

Grand Total: 62 creatures vanquished

Notes
Turn   | Place    | Note
-------+----------+-------------------------------------------
     0 | D:1      | 14MN0B0DY the Minotaur Berserker began the quest for the
                  | Orb.
     0 | D:1      | Reached XP level 1. HP: 19/19 MP: 0/0
   192 | D:1      | Reached skill level 4 in Axes
   192 | D:1      | Reached XP level 2. HP: 22/27 MP: 1/1
   668 | D:1      | Reached XP level 3. HP: 31/33 MP: 2/2
   794 | D:1      | You fall into a shaft and drop 1 floor!
   850 | D:2      | Found a faded altar of an unknown god.
  2339 | D:3      | Reached XP level 4. HP: 40/40 MP: 3/3
  2477 | D:3      | Noticed Robin
  2483 | D:3      | Reached ** piety under Trog
  2488 | D:3      | Killed Robin
  2878 | D:3      | Found a sparkling altar of Nemelex Xobeh.
  2881 | D:3      | Reached skill level 5 in Axes
  2895 | D:3      | Found a snail-covered altar of Cheibriados.
  2902 | D:3      | Found an iron altar of Okawaru.
  3262 | D:3      | Found a runed translucent gate.
  3353 | D:3      | Found a runed translucent gate.
  3354 | D:3      | Found a runed translucent gate.
  3355 | D:3      | Noticed Cancer's ghost (amateur GrEE)
  3355 | D:3      | Noticed ParaBellum's ghost (amateur HOCA)
  3570 | D:4      | Reached XP level 5. HP: 45/47 MP: 4/4
  3636 | D:4      | Noticed an ogre
  3649 | D:4      | Killed an ogre
  3744 | D:4      | Reached XP level 6. HP: 45/55 MP: 5/5
  3764 | D:4      | HP: 2/55 [gnoll/+2 spear of freezing (1)]
  3765 | D:4      | Frozen to death by an endoplasm

Illustrated notes

Levels and vault maps discovered:
D:1:      dpeg_arrival_simpleton_a, layout_basic, serial_forest,
          infiniplex_forest_clump_small, infiniplex_forest_straight_3,
          infiniplex_forest_straight_2, infiniplex_forest_clump_double,
          infiniplex_forest_lined_room_2, infiniplex_forest_end_3,
          infiniplex_forest_lined_room_, infiniplex_forest_end_3,
          minmay_statues_item, minmay_misc_feat_plants,
          minmay_misc_feat_columns, lemuel_old_faithful
D:2:      layout_loops_corners, hellmonk_ecumenical_altar_inner_sanctum
D:3:      layout_loops_ring, minmay_overflow_temple_star_quad,
          gammafunk_ghost_cemetery, uniq_robin
D:4:      layout_cave_pools, minmay_temple_entry_hall, serial_glass,
          glass_columns_a, glass_columns_a, due_unseen_surprise

Skill      XL: |  1  2  3  4  5 |
---------------+----------------+-----
Axes           | 4 5 |  5.9
Fighting       | 4 |  4.9
Armour         | 3 4 |  4.1
Dodging        | 3 |  3.6

Action                   |  1- 3 |  4- 6 || total
-------------------------+-------+-------++-------
Melee: Hand axe          |   168 |    70 ||   238
       Headbutt          |    46 |     9 ||    55
       Punch             |     2 |       ||     2
Throw: Boomerang         |       |     1 ||     1
Invok: Berserk           |       |     1 ||     1
  Use: Potion            |     2 |       ||     2
       Scroll            |     1 |       ||     1
Armor: Animal skin       |     6 |       ||     6
       Scale mail        |    21 |    31 ||    52
Dodge: Dodged            |    49 |    58 ||   107

Table legend: (Time is in decaauts)
 A = Elapsed time spent in this place.
 B = Non-inter-level travel time spent in this place.
 C = Inter-level travel time spent in this place.
 D = Time resting spent in this place.
 E = Time spent auto-exploring this place.
 F = Levels seen in this place.
 G = Mean time per level.
                   A        B        C        D        E       F      G
               +--------+--------+--------+--------+--------+-----+--------+
         Total |   3792 |   3536 |    256 |    211 |   2757 |   4 |  948.0 |
       Dungeon |   3792 |   3536 |    256 |    211 |   2757 |   4 |  948.0 |
               +--------+--------+--------+--------+--------+-----+--------+

Top non-repeatable levels by time:
     D:3: 1500 daAuts
     D:1: 1070 daAuts
     D:2: 1011 daAuts
     D:4: 209 daAuts
